 Dungeon Crawl Stone Soup version 0.20-a0-509-ga2a529b (webtiles) character file.

226197 M4edhros the Unseen (level 19, -17/114 HPs)
             Began as an Octopode Artificer on Jan 21, 2017.
             Was the Champion of Fedhas.
             Killed from afar by a deep elf sorcerer (40 damage)
             ... with a bolt of acid
             ... on level 3 of the Elven Halls on Jan 22, 2017.
             The game lasted 02:13:01 (44177 turns).

M4edhros the Unseen (Octopode Artificer)           Turns: 44177, Time: 02:13:01

Health: -17/114    AC:  0    Str: 14 (15) XL:     19   Next: 35%
Magic:  0/27       EV: 23    Int: 19      God:    Fedhas [******]
Gold:   914        SH: 18    Dex: 22 (23) Spells: 10/33 levels left

rFire    + . .     SeeInvis +   G - +9 fustibalus (freeze)
rCold    + . .     Gourm    .   l - +5 shield {reflect}
rNeg     . . .     Faith    .   F - +1 hat
rPois    .         Spirit   +   B - amulet of guardian spirit
rElec    .         Reflect  +   v - ring of see invisible
rCorr    .         Harm     .   I - +2 ring of dexterity
MR       ++++.                  A - +2 ring of intelligence
Stlth    ++++++++..             O - +3 ring of strength
Regen    0.3/turn               h - ring of protection from fire
                                S - ring of protection from magic
                                e - ring of protection from magic
                                u - +3 ring of intelligence

@: corroded, very slightly contaminated, hasted, repel missiles, very quick
A: almost no armour, stealthy swim, amphibious, 8 rings, constrict 8, tentacle
spike 1, molten scales 1, camouflage 1, agile 1, cold resistance 1,
deterioration 1, frail 1, low mp 1, magic resistance 1, wild magic 1, gelatinous
body 1, MP-powered wands
}: 1/15 runes: decaying
a: Fungal Bloom, Evolution, Sunlight, Growth, Reproduction, Rain, Renounce
Religion


You were on level 3 of the Elven Halls.
You worshipped Fedhas.
Fedhas was exalted by your worship.
You were not hungry.

You visited 7 branches of the dungeon, and saw 33 of its levels.
You visited 1 bazaar.

You collected 2861 gold pieces.
You spent 1947 gold pieces at shops.

Inventory:

Hand Weapons
 a - the +9 rapier "Guolyaz" {pierce, -Tele MR+ Str-3 Dex+5}
   (You found it on level 3 of the Elven Halls)

   It inflicts extra damage upon your enemies.
   It affects your strength (-3).
   It affects your dexterity (+5).
   It affects your resistance to hostile enchantments.
   It prevents most forms of teleportation.
 o - the +10 hunting sling "Zeopor" {velocity, MR+}
   (You acquired it on level 8 of the Dungeon)

   Any stone fired from it inflicts extra damage.
   It affects your resistance to hostile enchantments.
 G - a +9 fustibalus of freezing (weapon)
 K - a +5 demon whip of pain
Missiles
 i - 149 sling bullets
 j - 262 stones (quivered)
Armour
 l - a +5 shield of reflection (worn)
 F - a +1 hat (worn)
Jewellery
 e - a ring of protection from magic (on tentacle)
 h - a ring of protection from fire (on tentacle)
 u - a +3 ring of intelligence (on tentacle)
 v - a ring of see invisible (left tentacle)
 A - a +2 ring of intelligence (on tentacle)
 B - an amulet of guardian spirit (around mantle)
 I - a +2 ring of dexterity (right tentacle)
 O - a +3 ring of strength (on tentacle)
 S - a ring of protection from magic (on tentacle)
Wands
 c - a wand of enslavement (9/24)
 d - a wand of lightning (3/15)
 p - a wand of lightning (11/15)
 y - a wand of confusion (0/48)
 z - a wand of clouds (2/9)
 P - a wand of flame (23/48)
 R - a wand of disintegration (13/24)
 W - a wand of acid (0/15)
 X - a wand of polymorph (13/24)
 Z - a wand of enslavement (10/24)
Scrolls
 k - 4 scrolls of identify
 m - 2 scrolls of vulnerability
 n - 6 scrolls of magic mapping
 r - 3 scrolls of fog
 s - 8 scrolls of teleportation
 C - 2 scrolls of fear
 L - 5 scrolls of recharging
 N - 2 scrolls of immolation
Potions
 D - 3 potions of might
 E - 6 potions of lignification
 H - a potion of curing
 M - 4 potions of agility
 Q - a potion of cure mutation
Comestibles
 f - 7 bread rations
 x - 14 fruits
 U - 11 meat rations


   Skills:
 - Level 10.8 Fighting
 - Level 1.0 Short Blades
 - Level 12.6 Slings
 - Level 11.4 Dodging
 - Level 17.5 Stealth
 * Level 11.7 Shields
 * Level 7.5 Spellcasting
 - Level 4.6 Charms
 - Level 4.2 Necromancy
 - Level 4.1 Translocations
 * Level 10.2 Transmutations
 - Level 5.0 Air Magic
 * Level 10.1 Earth Magic
 - Level 5.8 Poison Magic
 - Level 11.9 Invocations
 - Level 8.0 Evocations


You had 10 spell levels left.
You knew the following spells:

 Your Spells              Type           Power        Failure   Level  Hunger
a - Regeneration          Chrm/Necr      ####......   14%         3    #......
b - Blink                 Tloc           N/A          10%         2    None
c - Portal Projectile     Tloc           ####..       17%         3    #......
d - Passage of Golubria   Tloc           N/A          43%         4    ###....
e - Statue Form           Tmut/Erth      ######...    43%         6    ######.
f - Repel Missiles        Chrm/Air       ####..       6%          2    None
g - Mephitic Cloud        Conj/Pois/Air  ####....     17%         3    #......


Dungeon Overview and Level Annotations

Branches:
Dungeon (15/15)            Temple (1/1) D:5            Lair (6/6) D:8
  Swamp (4/4) Lair:4       Spider (0/4) Lair:4        Slime (0/5) Lair:5
    Orc (2/2) D:10            Elf (3/3) Orc:2        Vaults (2/5) D:13
  Crypt (0/3) Vaults:2     Depths (0/5) D:15

Altars:
Ashenzari
Cheibriados
Dithmenos
Elyvilon
Fedhas
Gozag
Hepliaklqana
Kikubaaqudgha
Makhleb
Nemelex Xobeh
Okawaru
Qazlal
Ru
Sif Muna
Trog
Uskayaw
Vehumet
Xom
Yredelemnul
Zin
The Shining One
Beogh
Jiyva

Shops:
D:6 *   D:7 ?   Orc:2 *!([}   Elf:1 *

Portals:
Hell: Lair:6

Annotations:
Swamp:1 Josephine, Nikola
Elf:2 2 runed doors


Innate Abilities, Weirdness & Mutations

You cannot wear most types of armour.
You are very stealthy in the water. (Stealth+)
You are amphibious.
You can wear up to eight rings at the same time.
You can use your tentacles to constrict eight enemies at once.
Your skin changes colour to match your surroundings (Stealth+).
Your rubbery body absorbs attacks. (AC +1, EV +1)
One of your tentacles bears a spike.
You are partially covered in molten scales. (AC +2)
You are agile. (Dex +2)
Your flesh is cold resistant. (rC+)
Your body sometimes deteriorates upon taking damage.
You are frail. (-10% HP)
Your magical capacity is low. (-10% MP)
You are resistant to hostile enchantments. (MR+)
Your spells are a little harder to cast, but a little more powerful.
You expend magic power (3 MP) to strengthen your wands.


Message History

You kill the deep elf annihilator!
The deep elf sorcerer points at you and mumbles some strange words.
The bolt of acid hits your hyperactive ballistomycete.
Your hyperactive ballistomycete is splashed with acid.
Your hyperactive ballistomycete is destroyed!
The bolt of acid hits you! The acid corrodes you!
You are splashed with acid!
The acid burns!
* * * LOW HITPOINT WARNING * * *
Your body deteriorates!
You feel clumsy.
Unknown command.
Okay, then.
Okay, then.
How many plants will you create? (5 max)
Okay, then.
You feel yourself speed up.
The deep elf sorcerer seems less confused.
The deep elf sorcerer points at you and mumbles some strange words.
The bolt of acid hits you!
You die...
Fedhas appreciates your contribution to the ecosystem.

⌠,,,,*,,,*,8,#..)#..#≈≈.....## #.
,,,,**,,**,,,#...#..#≈≈.)..#.###.
,,,,*,,,*,,,,#...'..#≈≈....##'##'
,,,**,,**,,,,#+###..#≈≈....###...
,***,,,*,,,,,#...#..#≈≈....##....
**,,,,**,*,,,#...#..#≈≈...##.....
,,,,,**,o#.,,#...f..#≈≈...#......
,,,***,,...*,#...#..#≈≈..)#......
,***,,,,....,#..@#..#≈≈.).'.....P
**,,,**,....E#...#..#≈≈...#......
,,,,,,**....e#...#..#≈≈...#.)....
8,,,,,,*#...eee.)#..#≈≈...##).###
,,,,,,,,....o2P.)#..#≈≈...P)#.#<#
********###..#)..#..#≈≈....####.#
,,,,,,,,+......)##++#≈≈≈....###.#
,,,,,,,,#......##,,,##≈≈...#.#..#
,,,,,,,,#.....#*,,,,,##≈≈..##..##


You could see a deep elf annihilator, 2 deep elf sorcerers, a tormentor, an orc
sorcerer and a friendly wandering mushroom.

Vanquished Creatures
  Bai Suzhen (Swamp:3)
  A bone dragon (Swamp:4)
  Rupert (Lair:6)
  Frances (D:12)
  An ancient champion (Vaults:2)
  Agnes (D:15)
  A sphinx (Vaults:2)
  Donald (Swamp:2)
  Roxanne (Swamp:4)
  An orc warlord (Orc:2)
  3 deep elf sorcerers
  5 vault wardens
  2 deep elf elementalists (Elf:3)
  An ironheart preserver (Vaults:1)
  6 very ugly things
  A vampire knight (Vaults:2)
  A stone giant (Vaults:2)
  A dire elephant (Lair:6)
  2 deep elf annihilators (Elf:3)
  A deep elf death mage (Elf:1)
  3 fire dragons
  5 yaktaur captains
  2 ice dragons (Vaults:1)
  10 hydras
  10 centaur warriors
  4 vault guards (Vaults:1)
  3 alligators
  A death knight (Vaults:1)
  2 ogre magi
  10 dancing weapons
  A death yak (Lair:6)
  3 two-headed ogres
  15 deep elf knights
  A sun demon (Lair:6)
  3 hell knights (Vaults:2)
  3 skeletal warriors (Vaults:2)
  6 unseen horrors
  A shadow wraith (Vaults:2)
  A spriggan druid (Swamp:4)
  2 spectral hydras (Swamp:4)
  A swamp dragon (Swamp:4)
  Pikel (D:4)
  2 phantasmal warriors (Swamp:4)
  12 orc knights
  6 wizards
  A harpy (Vaults:2)
  13 deep elf archers
  2 ironbrand convokers
  46 deep elf magi
  3 necromancers
  8 cyclopes
  4 orc sorcerers
  15 ugly things
  4 wolf spiders
  2 manticores
  5 elephants (Lair:3)
  A naga mage (D:15)
  7 vault sentinels
  2 black mambas
  2 gargoyles
  An ice statue (Vaults:1)
  A kobold demonologist (D:14)
  18 spiny frogs
  15 komodo dragons
  6 rime drakes
  An ice devil (Lair:6)
  26 yaktaurs
  2 efreet (D:15)
  A hellwing (Lair:6)
  2 freezing wraiths
  2 red devils (Lair:6)
  4 trolls
  3 meliai (D:15)
  14 hornets
  3 polar bears
  A hydra skeleton (Swamp:4)
  Grinder (D:3)
  A polar bear (shapeshifter) (Elf:1)
  4 tyrant leeches
  9 blink frogs
  A bog body (Swamp:2)
  2 spectral swamp dragons (Swamp:4)
  A dream sheep (Lair:4)
  A frost giant simulacrum (Vaults:1)
  12 slime creatures
  7 hippogriffs
  4 alligator skeletons (Swamp:4)
  A centaur simulacrum (D:15)
  2 air elementals (Elf:1)
  5 shadows
  A vampire (D:13)
  A redback (Lair:4)
  21 spriggans
  A wraith (D:12)
  5 wyverns
  A yak (shapeshifter) (D:13)
  A basilisk (shapeshifter) (Vaults:2)
  2 fire elementals
  30 yaks
  3 basilisks
  A human (D:7)
  4 hogs
  12 vampire mosquitoes
  3 steam dragons
  A human simulacrum (Vaults:1)
  2 hungry ghosts
  8 wargs
  4 acid dragons
  16 insubstantial wisps
  18 swamp worms
  10 water moccasins
  10 porcupines
  2 hell hounds (Lair:6)
  37 orc warriors
  A slave (D:4)
  3 ice beasts
  6 sky beasts
  5 phantoms
  A black bear (D:8)
  2 swamp drakes
  A necrophage (D:10)
  An ogre (shapeshifter) (Vaults:2)
  10 ogres
  13 boggarts
  9 centaurs
  4 swamp dragon skeletons (Swamp:4)
  13 crocodiles
  6 big kobolds
  3 earth elementals
  14 bullfrogs
  A glowing shapeshifter simulacrum (Vaults:2)
  4 wyvern skeletons
  2 scorpions
  17 killer bees
  2 electric eels
  4 wights
  8 howler monkeys
  6 crimson imps
  A bullfrog zombie (D:5)
  14 orc priests
  4 hounds
  3 jellies
  2 bullfrog skeletons
  Crazy Yiuf (D:3)
  5 centaur skeletons
  5 iguanas
  Ijyb (D:3)
  Jessica (D:3)
  Terence (D:3)
  10 worker ants
  Natasha (D:4)
  24 orc wizards
  3 spectral swamp drakes (Swamp:4)
  4 hound skeletons
  A howler monkey zombie (D:10)
  13 gnolls
  A howler monkey skeleton (D:5)
  11 adders
  6 shadow imps
  2 oozes
  5 worms
  3 dart slugs
  A leopard gecko (shapeshifter) (D:14)
  7 leopard geckos
  125 orcs
  A giant cockroach (D:1)
  6 goblins
  9 hobgoblins
  17 jackals
  36 kobolds
  2 quokkas
  6 bats
  A frilled lizard (D:3)
  A leopard gecko skeleton (D:5)
  6 rats
  A ballistomycete (Vaults:2)
  8 ballistomycete spores
  A hyperactive ballistomycete (Vaults:2)
1087 creatures vanquished.

Vanquished Creatures (collateral kills)
  Kirke (Swamp:1)
  An orc warlord (Orc:1)
  The ghost of Eptagon the Black Belt, a journeyman OpFi of Okawaru (D:12)
  A deep elf annihilator (Elf:1)
  A fire dragon (D:12)
  A yaktaur captain (D:14)
  A ghost crab (Swamp:2)
  A hydra (D:12)
  An alligator (Swamp:2)
  The ghost of lupus83 the Severer, a novice MiFi of Okawaru (D:9)
  3 two-headed ogres
  A dancing weapon (Elf:1)
  A fire crab (D:12)
  An orc knight (Vaults:1)
  A swamp dragon (Swamp:1)
  2 necromancers (D:13)
  4 deep elf magi
  2 orc sorcerers (Orc:2)
  A cyclops (D:12)
  4 ugly things
  A manticore (D:12)
  A black mamba (Lair:5)
  Joseph (D:10)
  A vault sentinel (Vaults:2)
  A kobold demonologist (D:14)
  An efreet (D:13)
  A freezing wraith (D:12)
  3 ice devils (Lair:6)
  A rime drake (Lair:6)
  3 trolls
  A polar bear (Lair:1)
  A blink frog (Lair:6)
  2 tyrant leeches
  5 hippogriffs
  2 slime creatures (Vaults:1)
  A water elemental (Elf:1)
  6 yaks
  3 hogs
  A basilisk (Lair:1)
  2 hungry ghosts
  A vampire mosquito (Swamp:3)
  A warg (Orc:2)
  2 swamp worms (Swamp:3)
  An acid dragon (D:12)
  A hell hound (Lair:6)
  A porcupine (D:8)
  2 black bears
  16 orc warriors
  A slave (D:4)
  An ogre (Orc:1)
  2 ice beasts
  2 sky beasts (D:8)
  2 centaurs
  2 bullfrogs
  2 scorpions
  2 killer bees
  A wight (D:14)
  2 crimson imps
  4 orc wizards
  An orc priest (D:6)
  2 bullfrog skeletons
  2 worker ants (D:12)
  A killer bee zombie (D:8)
  A hound zombie (D:7)
  A hound skeleton (D:10)
  A gnoll (D:3)
  2 adders
  A worm (D:3)
  A leopard gecko (D:7)
  20 orcs
  A jackal (D:3)
  A quokka (D:10)
  9 ballistomycete spores
  A hyperactive ballistomycete (Swamp:2)
159 creatures vanquished.

Vanquished Creatures (others)
  Margery (Vaults:2)
  A thorn hunter (Orc:2)
  Louise (Swamp:4)
  4 yaktaur captains
  A centaur warrior (Vaults:1)
  2 hornets
  A glowing orange brain (Vaults:2)
  A spriggan druid (Swamp:3)
  5 deep elf archers
  2 shambling mangroves
  A deep elf mage (Elf:2)
  A cyclops (Vaults:2)
  An ugly thing (Vaults:1)
  A spiny frog (Swamp:3)
  A swamp worm zombie (Swamp:4)
  9 yaktaurs
  A hydra zombie (Swamp:4)
  7 bog bodies
  A spectral swamp dragon (Swamp:4)
  An insubstantial wisp (Swamp:4)
  A swamp worm (Swamp:3)
  2 hornet zombies (D:15)
  3 swamp drakes (Swamp:3)
  3 necrophages
  A centaur (Vaults:1)
  A swamp dragon skeleton (Swamp:4)
  Natasha (twice) (D:4)
  A worker ant (Vaults:1)
  4 jackals (D:4)
  A kobold (D:3)
  35 wandering mushrooms
  58 ballistomycetes
  21 ballistomycete spores
  10 fungi
  2 hyperactive ballistomycetes
  4 plants
  1141 toadstools
1333 creatures vanquished.

Grand Total: 2579 creatures vanquished

Notes
Turn   | Place    | Note
-------+----------+-------------------------------------------
     0 | D:1      | M4edhros the Octopode Artificer began the quest for the Orb.
     0 | D:1      | Reached XP level 1. HP: 13/13 MP: 3/3
    10 | D:1      | Reached skill level 2 in Stealth
    13 | D:1      | Reached skill level 3 in Stealth
    13 | D:1      | Reached XP level 2. HP: 13/18 MP: 4/4
   366 | D:3      | Noticed Terence
   380 | D:3      | Reached skill level 4 in Stealth
   391 | D:3      | Noticed Ijyb
   404 | D:3      | Gained mutation: You are robust. (+10% HP) [potion of mutation]
   404 | D:3      | Gained mutation: You are partially covered in slimy green scales. (AC +2) [potion of mutation]
   404 | D:3      | Gained mutation: You are somewhat resistant to further mutation. [potion of mutation]
   406 | D:3      | Killed Terence
   406 | D:3      | Reached skill level 5 in Stealth
   406 | D:3      | Reached XP level 3. HP: 3/25 MP: 5/5
   407 | D:3      | Killed Ijyb
   407 | D:3      | Reached XP level 4. HP: 4/30 MP: 6/6
   418 | D:3      | HP: 1/30 [poisoned by a kobold]
   791 | D:4      | Reached skill level 6 in Stealth
   832 | D:4      | Noticed a slave
   959 | D:4      | Reached XP level 5. HP: 36/36 MP: 7/7
   989 | D:5      | Entered Level 5 of the Dungeon
   992 | D:5      | Noticed an ogre
   999 | D:5      | Reached skill level 7 in Stealth
  1125 | D:5      | Found a staircase to the Ecumenical Temple.
  1137 | Temple   | Entered the Ecumenical Temple
  1359 | Temple   | Became a worshipper of Xom of Chaos
  1359 | Temple   | XOM: divination: detect creatures
  1403 | Temple   | Fell from the grace of Xom
  1403 | Temple   | Became a worshipper of Fedhas Madash
  1601 | D:3      | Noticed Jessica
  1602 | D:3      | Noticed Grinder
  1604 | D:3      | XOM: scenery: create altars
  1619 | D:3      | Reached skill level 8 in Stealth
  1626 | D:3      | Reached XP level 6. HP: 18/41 MP: 8/8
  1628 | D:3      | Killed Grinder
  1628 | D:3      | Reached skill level 9 in Stealth
  1646 | D:3      | Killed Jessica
  1698 | D:3      | Found a sparkling altar of Nemelex Xobeh.
  1818 | D:2      | Reached * piety under Fedhas
  1843 | D:2      | XOM: mild Air miscast
  1859 | D:2      | Found a burning altar of Makhleb.
  2047 | D:1      | XOM: mild Tmut miscast
  2259 | D:1      | XOM: draining
  2583 | D:2      | Reached XP level 7. HP: 47/47 MP: 9/9
  2923 | D:3      | Found a runed door.
  2952 | D:3      | XOM: chaos upgrade
  3000 | D:3      | Reached ** piety under Fedhas
  3424 | D:3      | Noticed Crazy Yiuf
  3428 | D:3      | Killed Crazy Yiuf
  3428 | D:3      | Reached skill level 10 in Stealth
  3428 | D:3      | Reached skill level 1 in Invocations
  3504 | D:4      | Noticed Pikel
  3546 | D:4      | Killed Pikel
  3546 | D:4      | Reached XP level 8. HP: 5/57 MP: 10/10
  3594 | D:4      | XOM: scenery: create altars
  3793 | D:4      | XOM: polymorph freed slave -> water moccasin
  3944 | D:4      | Noticed Natasha
  3949 | D:4      | Killed Natasha
  4054 | D:4      | XOM: polymorph wandering mushroom -> oklob plant
  4244 | D:4      | Killed Natasha
  4355 | D:4      | XOM: summons 2 hostile demons
  4603 | D:4      | Killed Natasha
  4785 | D:5      | Reached skill level 1 in Slings
  4844 | D:5      | Reached skill level 11 in Stealth
  5152 | D:5      | Reached *** piety under Fedhas
  5261 | D:6      | Found Nenudun's Assorted Antiques.
  5287 | D:6      | Bought a small coral ring for 90 gold pieces
  5325 | D:6      | Reached XP level 9. HP: 63/63 MP: 12/12
  5982 | D:7      | Reached skill level 5 in Dodging
  6000 | D:7      | Found a white marble altar of Elyvilon.
  6107 | D:7      | XOM: noise
  6307 | D:7      | Found Gigecwy's Magic Scroll Shoppe.
  6318 | D:7      | Bought a scroll of teleportation for 30 gold pieces
  6318 | D:7      | Bought a scroll of blinking for 75 gold pieces
  6318 | D:7      | Bought a scroll of teleportation for 30 gold pieces
  6318 | D:7      | Bought a scroll of enchant weapon for 75 gold pieces
  6369 | D:7      | Reached skill level 5 in Slings
  6369 | D:7      | Reached skill level 5 in Invocations
  6369 | D:7      | Reached skill level 5 in Fighting
  6373 | D:7      | Reached **** piety under Fedhas
  6624 | D:7      | Reached skill level 12 in Stealth
  6804 | D:8      | Reached XP level 10. HP: 59/72 MP: 14/14
  7242 | D:8      | XOM: mild Divn miscast
  7326 | D:8      | XOM: harmless Pois miscast
  7763 | D:8      | Identified a scroll of acquirement
  7774 | D:8      | Got a polished hunting sling
  7775 | D:8      | Identified the +10 hunting sling "Zeopor" {velocity, MR+} (You acquired it on level 8 of the Dungeon)
  7830 | D:8      | Found a staircase to the Lair.
  7909 | D:8      | Gained mutation: You occasionally shout uncontrollably at your foes. [mutagenic meat]
  7929 | D:8      | XOM: divination: magic mapping
  8455 | D:9      | Noticed lupus83's ghost (novice MiFi)
  8493 | D:9      | Killed lupus83's ghost
  8528 | D:9      | Found a glowing golden altar of the Shining One.
  8619 | D:9      | XOM: medium Hex miscast
  9139 | D:9      | Found a hazy altar of Hepliaklqana.
  9139 | D:9      | Found a shattered altar of Ashenzari.
  9139 | D:9      | Found a snail-covered altar of Cheibriados.
  9197 | D:9      | Found an ancient bone altar of Kikubaaqudgha.
  9197 | D:9      | Found a deep blue altar of Sif Muna.
  9205 | D:9      | Found an opulent altar of Gozag.
  9395 | D:9      | Found a shadowy altar of Dithmenos.
  9443 | D:10     | Entered Level 10 of the Dungeon
  9444 | D:10     | Reached skill level 13 in Stealth
  9467 | D:10     | Noticed a gargoyle
  9471 | D:10     | Reached XP level 11. HP: 79/79 MP: 15/15
  9509 | D:10     | Reached ***** piety under Fedhas
  9638 | D:10     | Noticed Joseph
  9652 | D:10     | Killed Joseph
 10201 | D:10     | Found a staircase to the Orcish Mines.
 10379 | D:11     | Reached skill level 1 in Shields
 10438 | D:11     | Noticed an unseen horror
 10448 | D:11     | Killed an unseen horror
 10563 | D:11     | Noticed a manticore
 10574 | D:11     | Killed a manticore
 10577 | D:11     | Noticed a red ugly thing
 10596 | D:11     | Killed a red ugly thing
 10790 | D:11     | Learned a level 3 spell: Regeneration
 10793 | D:11     | Learned a level 2 spell: Blink
 10908 | D:11     | XOM: polymorph wandering mushroom -> shambling mangrove
 10943 | D:11     | XOM: torment (42/81 hp)
 11192 | D:11     | Reached skill level 1 in Necromancy
 11265 | D:11     | XOM: polymorph wandering mushroom -> wandering mushroom
 11357 | D:11     | Reached skill level 1 in Charms
 11751 | D:12     | Noticed Frances
 11764 | D:12     | Killed Frances
 11898 | D:12     | Noticed an unseen horror
 11898 | D:12     | Noticed an orc knight
 11907 | D:12     | Killed an unseen horror
 11907 | D:12     | Reached XP level 12. HP: 77/89 MP: 17/17
 12052 | D:12     | Noticed a two-headed ogre
 12058 | D:12     | XOM: mild Necr miscast
 12067 | D:12     | Killed a two-headed ogre
 12390 | D:12     | Noticed Eptagon's ghost (journeyman OpFi)
 12410 | D:12     | Killed Eptagon's ghost
 12438 | D:12     | Gained mutation: Your muscles are strong. (Str +2) [mutagenic meat]
 12519 | D:12     | Noticed an ogre mage
 12528 | D:12     | Killed an ogre mage
 12660 | D:12     | XOM: 1-stop teleportation journey
 12928 | D:12     | XOM: give mutations
 12928 | D:12     | Gained mutation: Scrolls take you a little longer to read. [Xom's mischief]
 12928 | D:12     | Lost mutation: You occasionally shout uncontrollably at your foes. [Xom's mischief]
 12928 | D:12     | Gained mutation: Scrolls take you longer to read. [Xom's mischief]
 12971 | D:12     | Noticed a fire dragon
 12973 | D:12     | Noticed a six-headed hydra
 12973 | D:12     | Noticed a centaur warrior
 13120 | Lair:1   | Entered Level 1 of the Lair of Beasts
 13244 | Lair:1   | XOM: polymorph wandering mushroom -> shambling mangrove
 13294 | Lair:1   | XOM: give mutations
 13294 | Lair:1   | Lost mutation: Scrolls take you longer to read. [Xom's mischief]
 13294 | Lair:1   | Gained mutation: Your body sometimes deteriorates upon taking damage. [Xom's mischief]
 13294 | Lair:1   | Gained mutation: Your mind is acute. (Int +2) [Xom's mischief]
 13336 | Lair:1   | XOM: give mutation
 13336 | Lair:1   | Gained mutation: You are clumsy. (Dex -2) [Xom's mischief]
 13580 | Lair:1   | Reached skill level 5 in Shields
 13611 | Lair:1   | XOM: polymorph shambling mangrove -> thorn hunter
 14111 | Lair:2   | XOM: divination: detect items
 14125 | Lair:2   | Reached skill level 14 in Stealth
 14205 | Lair:2   | You fall through a shaft for 2 floors!
 14369 | Lair:4   | Found a staircase to the Swamp.
 14491 | Lair:4   | Found a hole to the Spider Nest.
 14573 | Lair:4   | Reached skill level 1 in Spellcasting
 14701 | Lair:4   | Reached skill level 10 in Slings
 14721 | Lair:4   | Reached XP level 13. HP: 96/96 MP: 19/19
 15003 | Lair:4   | XOM: give mutations
 15003 | Lair:4   | Gained mutation: Your body often deteriorates upon taking damage. [Xom's mischief]
 15003 | Lair:4   | Lost mutation: You are robust. (+10% HP) [Xom's mischief]
 15003 | Lair:4   | Gained mutation: You are frail. (-10% HP) [Xom's mischief]
 15003 | Lair:4   | Was forgiven by Xom
 17723 | Lair:2   | Got a scorched long sword
 17724 | Lair:2   | Identified the +1 long sword of the Iron City of Dis {antimagic, rF+ rN+ Int+4} (You found it on level 2 of the Lair of Beasts)
 18179 | Lair:5   | Reached ****** piety under Fedhas
 18451 | Lair:5   | Reached XP level 14. HP: 85/85 MP: 21/21
 18470 | Lair:5   | Found a viscous altar of Jiyva.
 18479 | Lair:5   | Found a staircase to the Slime Pits.
 18722 | Lair:5   | Reached skill level 5 in Spellcasting
 18969 | Lair:6   | Entered Level 6 of the Lair of Beasts
 19013 | Lair:6   | Reached skill level 15 in Stealth
 19044 | Lair:6   | Noticed a dire elephant
 19066 | Lair:6   | Killed a dire elephant
 19588 | Lair:6   | Found a burning altar of Makhleb.
 19690 | Lair:6   | Found a gateway to Hell.
 20423 | Lair:6   | Noticed Rupert
 20440 | Lair:6   | Killed Rupert
 21299 | Orc:1    | Entered Level 1 of the Orcish Mines
 21332 | Orc:1    | Noticed an orc warlord
 21345 | Orc:1    | Killed an orc warlord
 21409 | Orc:2    | Entered Level 2 of the Orcish Mines
 21569 | Orc:2    | Reached skill level 10 in Invocations
 21666 | Orc:2    | Found a staircase to the Elven Halls.
 21716 | Orc:2    | Found a roughly hewn altar of Beogh.
 21736 | Orc:2    | Found Rili's General Store.
 21856 | Orc:2    | Found Ticouxto's Distillery.
 21872 | Orc:2    | Bought a potion of mutation for 42 gold pieces
 21992 | Orc:2    | Found a roughly hewn altar of Beogh.
 22074 | Orc:2    | Found a roughly hewn altar of Beogh.
 22128 | Orc:2    | Found a roughly hewn altar of Beogh.
 22252 | Orc:2    | Noticed an orc warlord
 22288 | Orc:2    | Killed an orc warlord
 22288 | Orc:2    | Reached XP level 15. HP: 92/92 MP: 25/25
 22297 | Orc:2    | Found Nechidgho's Antique Weapon Shoppe.
 22299 | Orc:2    | Found a roughly hewn altar of Beogh.
 22303 | Orc:2    | Found Sysez's Antique Armour Emporium.
 22512 | Orc:2    | Found a roughly hewn altar of Beogh.
 22547 | Orc:2    | Found Zyesiymu's Gadget Shoppe.
 22630 | Orc:2    | Found a roughly hewn altar of Beogh.
 22952 | D:13     | Gained mutation: Your mind is very acute. (Int +4) [mutagenic meat]
 23155 | D:13     | Found a gate to the Vaults.
 23170 | D:13     | Reached skill level 10 in Dodging
 23707 | D:12     | Reached skill level 10 in Fighting
 23707 | D:12     | Reached skill level 16 in Stealth
 24019 | D:12     | Lost mutation: Your body often deteriorates upon taking damage. [potion of cure mutation]
 24019 | D:12     | Lost mutation: Your muscles are strong. (Str +2) [potion of cure mutation]
 24019 | D:12     | Lost mutation: Scrolls take you a little longer to read. [potion of cure mutation]
 24019 | D:12     | Lost mutation: Your body sometimes deteriorates upon taking damage. [potion of cure mutation]
 24019 | D:12     | Lost mutation: You are clumsy. (Dex -2) [potion of cure mutation]
 24267 | D:12     | Lost mutation: You are frail. (-10% HP) [potion of cure mutation]
 24267 | D:12     | Lost mutation: You are partially covered in slimy green scales. (AC +2) [potion of cure mutation]
 24267 | D:12     | Lost mutation: Your mind is very acute. (Int +4) [potion of cure mutation]
 24267 | D:12     | Lost mutation: You are somewhat resistant to further mutation. [potion of cure mutation]
 24267 | D:12     | Lost mutation: Your mind is acute. (Int +2) [potion of cure mutation]
 24534 | Lair:4   | Learned a level 3 spell: Portal Projectile
 24539 | Lair:4   | Learned a level 4 spell: Passage of Golubria
 25186 | D:13     | Got a crystal morningstar
 25187 | D:13     | Identified the +9 morningstar "Havocir" {flame, rF- rC++ rN+++} (You found it on level 13 of the Dungeon)
 25296 | D:13     | Reached skill level 1 in Translocations
 25585 | D:14     | Gained mutation: Your muscles are strong. (Str +2) [mutagenic meat]
 25586 | D:14     | Gained mutation: You are robust. (+10% HP) [mutagenic meat]
 25587 | D:14     | Gained mutation: You tend to lose your temper in combat. [mutagenic meat]
 25588 | D:14     | Gained mutation: You are occasionally teleported next to monsters. [mutagenic meat]
 25589 | D:14     | Gained mutation: You are agile. (Dex +2) [mutagenic meat]
 25602 | D:14     | Lost mutation: You tend to lose your temper in combat. [mutagenic meat]
 25604 | D:14     | Lost mutation: You are agile. (Dex +2) [mutagenic meat]
 25605 | D:14     | Gained mutation: Your body sometimes deteriorates upon taking damage. [mutagenic meat]
 25606 | D:14     | Gained mutation: Your body often deteriorates upon taking damage. [mutagenic meat]
 26522 | D:15     | Entered Level 15 of the Dungeon
 26528 | D:15     | Found a blossoming altar of Fedhas.
 27098 | D:15     | Found a staircase to the Depths.
 27382 | D:15     | Noticed Agnes
 27396 | D:15     | Killed Agnes
 27917 | Swamp:1  | Entered Level 1 of the Swamp
 28070 | Swamp:1  | Noticed Josephine
 28229 | Swamp:1  | Reached skill level 17 in Stealth
 28230 | Swamp:1  | Noticed Kirke
 28254 | Swamp:1  | Killed Kirke
 28345 | Swamp:1  | Reached XP level 16. HP: 71/121 MP: 26/26
 28438 | Swamp:1  | Noticed Nikola
 29294 | Swamp:2  | Reached skill level 5 in Evocations
 29433 | Swamp:2  | Noticed Donald
 29453 | Swamp:2  | Killed Donald
 29906 | Swamp:3  | Noticed Bai Suzhen
 29906 | Swamp:3  | Noticed a thorn hunter
 29962 | Swamp:3  | Killed Bai Suzhen
 30744 | Swamp:4  | Entered Level 4 of the Swamp
 30744 | Swamp:4  | Noticed Louise
 30757 | Swamp:4  | Killed Louise
 30761 | Swamp:4  | Got a transparent large shield
 30772 | Swamp:4  | Identified the cursed +0 large shield of Leapfrog {Dex+5} (You found it on level 4 of the Swamp)
 31156 | Swamp:4  | Noticed Roxanne
 31199 | Swamp:4  | Killed Roxanne
 31215 | Swamp:4  | Lost mutation: You are occasionally teleported next to monsters. [potion of mutation]
 31215 | Swamp:4  | Gained mutation: You expend magic power (3 MP) to strengthen your wands. [potion of mutation]
 31215 | Swamp:4  | Lost mutation: Your muscles are strong. (Str +2) [potion of mutation]
 31229 | Swamp:4  | Learned a level 6 spell: Statue Form
 31866 | Swamp:4  | Noticed a bone dragon
 31886 | Swamp:4  | Killed a bone dragon
 31886 | Swamp:4  | Reached skill level 1 in Transmutations
 31886 | Swamp:4  | Reached skill level 1 in Earth Magic
 33355 | Swamp:4  | Got a decaying rune of Zot
 33774 | Vaults:1 | Entered Level 1 of the Vaults
 34354 | Vaults:1 | Paralysed by a hornet for 3 turns
 34763 | Vaults:1 | Gained mutation: Your spells are a little easier to cast, but a little less powerful. [mutagenic meat]
 34884 | Vaults:1 | Reached XP level 17. HP: 83/126 MP: 12/27
 35276 | Vaults:1 | Reached skill level 5 in Earth Magic
 35562 | Vaults:1 | Reached skill level 5 in Transmutations
 36394 | Vaults:1 | Found a gateway to a bazaar.
 36412 | Bazaar   | Entered a bazaar
 36431 | Bazaar   | Found Zuugacej's Antique Armour Boutique.
 36431 | Bazaar   | Found Noafuqit's Book Shop.
 36442 | Bazaar   | Bought an embroidered hat for 170 gold pieces
 36483 | Bazaar   | Found Yrrievont's Weapon Shop.
 36483 | Bazaar   | Found Uteok's Book Boutique.
 36496 | Bazaar   | Bought a +2 fustibalus of freezing for 234 gold pieces
 36506 | Bazaar   | Bought a book of Air for 420 gold pieces
 36509 | Bazaar   | Learned a level 2 spell: Repel Missiles
 36543 | Bazaar   | Bought a Young Poisoner's Handbook for 520 gold pieces
 36547 | Bazaar   | Learned a level 3 spell: Mephitic Cloud
 37060 | Vaults:1 | Reached skill level 1 in Air Magic
 37143 | Vaults:1 | Reached skill level 1 in Poison Magic
 37156 | Vaults:1 | Gained mutation: You are resistant to hostile enchantments. (MR+) [potion of mutation]
 38521 | Vaults:1 | Gained mutation: Your magical capacity is low. (-10% MP) [mutagenic meat]
 38523 | Vaults:1 | Gained mutation: Scrolls take you a little longer to read. [mutagenic meat]
 39532 | Vaults:2 | Reached XP level 18. HP: 108/134 MP: 17/25
 39581 | Vaults:2 | Reached skill level 10 in Shields
 39595 | Vaults:2 | Lost mutation: You are robust. (+10% HP) [mutagenic meat]
 39596 | Vaults:2 | Gained mutation: Your flesh is cold resistant. (rC+) [mutagenic meat]
 39597 | Vaults:2 | Gained mutation: Scrolls take you longer to read. [mutagenic meat]
 39605 | Vaults:2 | Gained mutation: You are agile. (Dex +2) [mutagenic meat]
 39606 | Vaults:2 | Lost mutation: You expend magic power (3 MP) to strengthen your wands. [mutagenic meat]
 39608 | Vaults:2 | Lost mutation: You are agile. (Dex +2) [mutagenic meat]
 39610 | Vaults:2 | Gained mutation: You are partially covered in molten scales. (AC +2) [mutagenic meat]
 39611 | Vaults:2 | Lost mutation: Scrolls take you longer to read. [mutagenic meat]
 39612 | Vaults:2 | Gained mutation: You expend magic power (3 MP) to strengthen your wands. [mutagenic meat]
 39613 | Vaults:2 | Lost mutation: Scrolls take you a little longer to read. [mutagenic meat]
 39614 | Vaults:2 | Gained mutation: You are agile. (Dex +2) [mutagenic meat]
 39615 | Vaults:2 | Lost mutation: Your spells are a little easier to cast, but a little less powerful. [mutagenic meat]
 39616 | Vaults:2 | Lost mutation: Your body often deteriorates upon taking damage. [mutagenic meat]
 39617 | Vaults:2 | Gained mutation: You are frail. (-10% HP) [mutagenic meat]
 39618 | Vaults:2 | Gained mutation: Your muscles are strong. (Str +2) [mutagenic meat]
 39631 | Vaults:2 | Lost mutation: Your muscles are strong. (Str +2) [mutagenic meat]
 39633 | Vaults:2 | Gained mutation: One of your tentacles bears a spike. [mutagenic meat]
 39919 | Vaults:2 | Found a staircase to the Crypt.
 40118 | Vaults:2 | Noticed Margery
 40155 | Vaults:2 | Killed Margery
 41111 | Elf:1    | Entered Level 1 of the Elven Halls
 41330 | Elf:1    | Found Sykuoshi's Assorted Antiques.
 41378 | Elf:1    | Reached skill level 5 in Poison Magic
 41455 | Elf:1    | Bought a large garnet ring for 135 gold pieces
 41455 | Elf:1    | Bought a scroll of teleportation for 81 gold pieces
 41542 | Orc:2    | Bought a scroll of remove curse for 45 gold pieces
 42759 | Elf:1    | Reached skill level 5 in Air Magic
 42789 | Elf:2    | Upgraded the game from 0.20-a0-504-g2c65edc to 0.20-a0-509-ga2a529b
 42810 | Elf:2    | Reached XP level 19. HP: 66/114 MP: 16/26
 42814 | Elf:2    | Found a runed door.
 42982 | Elf:2    | Found a runed door.
 43400 | Elf:2    | Gained mutation: You are weak. (Str -2) [potion of mutation]
 43400 | Elf:2    | Gained mutation: Your spells are a little harder to cast, but a little more powerful. [potion of mutation]
 43400 | Elf:2    | Lost mutation: You are weak. (Str -2) [potion of mutation]
 43873 | Elf:3    | Entered Level 3 of the Elven Halls
 43894 | Elf:3    | Reached skill level 10 in Transmutations
 43952 | Elf:3    | Got a translucent rapier
 43953 | Elf:3    | Identified the +9 rapier "Guolyaz" {pierce, -Tele MR+ Str-3 Dex+5} (You found it on level 3 of the Elven Halls)
 44153 | Elf:3    | Reached skill level 10 in Earth Magic
 44177 | Elf:3    | Killed from afar by a deep elf sorcerer

Vault maps used:
D:1:      grunt_arrival_lava_bath, hangedman_decor_opposing,
          minmay_misc_feat_cross, grunt_decor_resistance, grunt_decor_fettered
D:2:      makhleb_heckhound_becter
D:3:      nemelex_xobeh_ov_fountains_minmay, uniq_grinder, uniq_terence,
          uniq_crazy_yiuf_cottage, uniq_iyjb, uniq_jessica
D:4:      first_bread, uniq_pikel, uniq_natasha
D:6:      serial_shops, nicolae_shop_overgrown_old_shop
D:7:      kennysheep_mini_moat, serial_shops, shop, grunt_livestock
D:8:      grunt_lair_entry_orc_guard_hut, st_stairs_10, hangedman_misty_isle
D:9:      marbit_many_paths, minitemple, gammafunk_temple_overflow_claw
D:10:     orc_0_dummy, uniq_joseph
D:12:     minmay_swirls_squares, uniq_frances
D:13:     david_vaults_1
D:14:     minmay_misc_feat_tower
D:15:     grunt_enter_depths_magical_seal, fedhas_altar_2, uniq_agnes
Temple:   minmay_temple_curvy_loop
Lair:2:   lemuel_fruit_fields
Lair:4:   minmay_swamp_entry_worms, spider_nest_entry_rubble,
          nicolae_quartered_pool_medium, serial_bayou_pond_b
Lair:5:   kb_forest_paths, slime_altar_1
Lair:6:   evil_forest, uniq_rupert
Swamp:1:  nicolae_swamp_orc_logging_accident, uniq_josephine, uniq_nikola,
          uniq_kirke
Swamp:2:  evilmike_swamp_ruin_rubble_2, uniq_donald
Swamp:3:  infiniplex_staircase_pool_2, uniq_bai_suzhen
Swamp:4:  swamp_pestilence, swamp_pool1, uniq_louise, uniq_roxanne
Orc:1:    elves_outpost_lemuel, uniq_urug
Orc:2:    grunt_orc_community_town_hall, grunt_orc_community_big_house_2,
          grunt_orc_community_big_house_2, grunt_orc_community_house_2,
          grunt_orc_community_house_2, grunt_orc_community_house_3,
          grunt_orc_community_house_3, grunt_orc_community_house_2,
          serial_shops, shop_fountains
Elf:1:    eino_elf_arrival_the_gate, serial_shops, nicolae_shop_window_shopping,
          hangedman_elf_disciples, minivault_4, st_stairs_1
Elf:3:    minmay_elf_hall_statues, basic_stair_grate_trap
Vaults:1: v_misc_22, dpeg_vaults_monster_box,
          hangedman_vaults_stretched_pinwheel, nicolae_vaults_ninety_degrees,
          grunt_vaults_hallway_short, nicolae_vaults_hallways_thing, v_misc_24,
          v_alt_pattern_2, nicolae_vaults_murderbox, vaults_room_hallway,
          grunt_vaults_hallway_short, nicolae_vaults_alarming, v_pattern_1,
          serial_shops, statue_bzr
Vaults:2: v_misc_22, nicolae_vaults_disjoint_gnomons, vaults_mumra_hexcomb,
          vaults_room_door_ring, v_misc_14, hangedman_vaults_cutoff, v_rooms_1,
          nicolae_vaults_big_ls, ontoclasm_vaults_hangar,
          minmay_crypt_entry_simple_walls, uniq_margery
Bazaar:   bazaar_jpeg_ribbon

Skill      XL: |  1  2  3  4  5  6  7  8  9 10 11 12 13 14 15 16 17 18 19 |
---------------+----------------------------------------------------------+-----
Stealth        | 3 5 6 8 9 10 11 12 13 14 15 17 | 17.5
Invocations    | 3 4 5 6 7 8 9 10 11 | 11.9
Fighting       | 3 4 5 6 7 8 9 10 | 10.8
Dodging        | 3 4 5 6 7 8 9 11 | 11.4
Slings         | 2 5 7 9 10 11 12 | 12.6
Shields        | 3 5 7 9 11 | 11.7
Necromancy     | 2 4 |  4.2
Charms         | 2 4 |  4.6
Spellcasting   | 1 4 6 7 |  7.5
Translocations | 4 |  4.1
Evocations     | 7 8 |  8.0
Transmutations | 3 7 9 10 | 10.2
Earth Magic    | 4 7 9 10 | 10.1
Air Magic      | 2 5 |  5.0
Poison Magic   | 2 5 |  5.8
Short Blades   | |  1.0

Action                   |  1- 3 |  4- 6 |  7- 9 | 10-12 | 13-15 | 16-18 | 19-21 || total
-------------------------+-------+-------+-------+-------+-------+-------+-------++-------
Melee: Short sword       |    29 |    57 |   117 |       |     1 |       |       ||   204
       Tentacles         |    10 |    11 |    30 |     6 |     1 |    75 |    20 ||   153
       Constrict         |    10 |    13 |    46 |     7 |     1 |    43 |    13 ||   133
       Spear             |       |    22 |       |       |       |       |       ||    22
       Halberd           |       |       |    87 |    24 |       |       |       ||   111
       Dagger            |       |       |       |    14 |       |       |       ||    14
       Morningstar       |       |       |       |       |       |     9 |       ||     9
       Demon whip        |       |       |       |       |       |   198 |    31 ||   229
       Kick              |       |       |       |       |       |   101 |    29 ||   130
       Rapier            |       |       |       |       |       |       |    23 ||    23
 Fire: Hunting sling     |       |       |       |   726 |  1778 |  1343 |       ||  3847
       Fustibalus        |       |       |       |       |       |   557 |   131 ||   688
 Cast: Portal Projectile |       |       |       |       |    10 |     5 |     2 ||    17
       Regeneration      |       |       |       |       |       |    67 |     9 ||    76
       Repel Missiles    |       |       |       |       |       |    10 |     1 ||    11
       Mephitic Cloud    |       |       |       |       |       |    10 |     3 ||    13
Invok: Fungal Bloom      |       |    16 |    42 |    79 |   141 |   125 |    14 ||   417
       Evolution         |       |     1 |     4 |    11 |    13 |    17 |     1 ||    47
       Sunlight          |       |       |       |     1 |     2 |     4 |     1 ||     8
       Reproduction      |       |       |       |       |     4 |     9 |     1 ||    14
       Rain              |       |       |       |       |       |     2 |       ||     2
Evoke: Wand              |     1 |    10 |     8 |     7 |     6 |    58 |       ||    90
  Use: Potion            |     2 |       |     8 |     2 |     6 |    17 |     2 ||    37
       Scroll            |       |     6 |     1 |    21 |    13 |    39 |     2 ||    82
 Stab: Sleeping          |     3 |    17 |    25 |     2 |       |     7 |     2 ||    56
       Confused          |       |       |     3 |       |       |     3 |     1 ||     7
       Distracted        |       |       |     1 |       |       |     1 |       ||     2
  Eat: Chunk             |       |     3 |     1 |    12 |    15 |    44 |       ||    75
       Bread ration      |       |     1 |     2 |       |     5 |     8 |     1 ||    17
       Royal jelly       |       |       |       |     7 |     2 |     3 |       ||    12
       Meat ration       |       |       |       |     2 |     3 |       |       ||     5
       Fruit             |       |       |       |       |       |     1 |       ||     1
Armor: Skin              |       |    11 |    20 |    10 |     8 |    10 |       ||    59
Dodge: Dodged            |    21 |    31 |   128 |   142 |   213 |   416 |    33 ||   984
       Deflected         |       |       |       |       |       |    27 |     1 ||    28
Block: Buckler           |       |       |       |     2 |    75 |    14 |       ||    91
       Shield            |       |       |       |       |       |   526 |    53 ||   579
       Reflection        |       |       |       |       |       |    99 |    13 ||   112
